 Dungeon Crawl Stone Soup version 0.31.0-32-g396128a36d (webtiles) character file.

Game seed: 9385108257258964485

217 Curundu the Ruffian (level 5, -3/79 HPs)
             Began as a Troll Berserker on Mar 21, 2024.
             Was a Believer of Trog.
             Slain by a kobold brigand
             ... wielding a +0 whip
              (4 damage)
             ... in a sewer.
             The game lasted 00:04:53 (1760 turns).

Curundu the Ruffian (Troll Berserker)               Turns: 1760, Time: 00:04:54

Health: -3/79      AC:  4    Str: 27    XL:     5   Next: 62%
Magic:  4/4        EV: 10    Int:  3    God:    Trog [**....]
Gold:   142        SH:  0    Dex:  9    Spells: 4/4 levels left

rFire   . .          .
                       - Unarmed
rCold   . . .        (no shield)
rNeg    . . .        a - +0 animal skin
rPois   .            (helmet restricted)
rElec   .            (no cloak)
rCorr   .            (gloves unavailable)
SInv    .            (boots unavailable)
Will    .....        (no amulet) Stlth
                     (no ring)
HPRegen 1.13/turn    (no ring)
MPRegen 0.09/turn

%: no passive effects
@: berserking, lethally poisoned (-3 -> -3), very quick
A: large, unfitting armour, claws 3, regeneration 1, shaggy fur 1, tough skin 1
a: Renounce Religion, Berserk, Trog's Hand


You were in a sewer.
You worshipped Trog.
Trog was pleased with you.
You visited 1 branch of the dungeon, and saw 3 of its levels.
You also visited: Sewer.

You collected 142 gold pieces.

Inventory:

Armour
 a - a +0 animal skin (worn)
Scrolls
 b - a scroll of revelation {unknown}
 c - a scroll of fear {unknown}
 e - a scroll of immolation {unknown}
 f - 3 scrolls of enchant armour {unknown}
 h - a scroll of vulnerability {unknown}
 i - a scroll of teleportation {unknown}
 j - a scroll of acquirement {unknown}
Potions
 d - 2 potions of berserk rage {unknown}
 g - 2 potions of heal wounds {unknown}
 k - 2 potions of invisibility {unknown}
 l - a potion of cancellation {unknown}
 m - a potion of haste {unknown}
 n - a potion of magic {unknown}
 o - a potion of might {unknown}


   Skills:
 + Level 3.4 Fighting
 - Level 2.5 Dodging
 + Level 0.3 Stealth
 * Level 5.5 Unarmed Combat


You had 4 spell levels left.
You didn't know any spells.
Your spell library was empty.

Dungeon Overview and Level Annotations

Branches:
Dungeon (3/15)              Sewer (1/1)

Altars:


Innate Abilities, Weirdness & Mutations

You are too large for most types of armour.
You have claws for hands.
Your natural rate of healing is unusually fast.
You are covered in fur. (AC +1)
You have tough skin. (AC +1)


Message History

The poisoned dart barely misses you.
The kobold brigand throws a poisoned dart.
The poisoned dart hits you!
You are poisoned.
You feel very sick.
The kobold brigand hits you with a +1 short sword of protection!
The kobold brigand hits you with a +0 whip!
You barely miss the kobold brigand.
You feel sick.
The kobold brigand hits you with a +1 short sword of protection.
You mangle the kobold brigand!!
The kobold brigand is severely wounded.
You feel sick. The kobold brigand closely misses you.
The kobold brigand hits you with a +1 short sword of protection.
You closely miss the kobold brigand.
The kobold brigand is heavily wounded.
You feel sick. The kobold brigand closely misses you.
The kobold brigand hits you with a +1 short sword of protection.
You closely miss the kobold brigand.
The kobold brigand is heavily wounded.
You feel sick.
The kobold brigand hits you with a +0 whip.
* * * LOW HITPOINT WARNING * * *
The kobold brigand barely misses you.
You barely miss the kobold brigand.
The kobold brigand is heavily wounded.
The kobold brigand hits you with a +0 whip!
* * * LOW HITPOINT WARNING * * *
The kobold brigand hits you with a +1 short sword of protection.
* * * LOW HITPOINT WARNING * * *
A red film seems to cover your vision as you go berserk!
You feel yourself moving faster!
You feel mighty!
You feel sick. The kobold brigand closely misses you.
The kobold brigand hits you with a +1 short sword of protection.
* * * LOW HITPOINT WARNING * * *
You closely miss the kobold brigand.
The kobold brigand is heavily wounded.
* * * LOW HITPOINT WARNING * * *
You feel sick.
The kobold brigand hits you with a +0 whip.
You die...

##### ### ### ##...##
##..
#..~#####~.~..#####...
#..?K@........†~~~~~..
#.!.K####....~#####...
##..# ##.~.## ##~. ###
##~## ##) #~# #† #~# #~
##### ##~## ##~ ##...##
##...## ##.~
#.....####~...~#####~..


You could see 2 kobold brigands.

Vanquished Creatures
  2 kobold brigands (Sewer)
  3 adders
  2 river rats
  A ribbon worm (Sewer)
  An orc (D:3)
  A ball python (Sewer)
  4 endoplasms
  3 giant cockroaches
  A goblin (D:2)
  2 hobgoblins (D:2)
  11 kobolds
  A bat (D:2)
  A frilled lizard (D:3)
  7 rats
40 creatures vanquished.

Notes
Turn   | Place    | Note
-------+----------+-------------------------------------------
     0 | D:1      | Curundu the Troll Berserker began the quest for the Orb.
     0 | D:1      | Reached XP level 1. HP: 22/22 MP: 0/0
   456 | D:1      | Found a faded altar of an unknown god.
   867 | D:2      | Reached XP level 2. HP: 27/29 MP: 1/1
  1041 | D:2      | Reached XP level 3. HP: 36/36 MP: 2/2
  1494 | D:3      | Found a glowing drain.
  1515 | D:3      | Reached skill level 4 in Unarmed Combat
  1521 | Sewer    | Entered a sewer
  1526 | Sewer    | Noticed a kobold brigand
  1537 | Sewer    | Killed a kobold brigand
  1538 | Sewer    | Reached XP level 4. HP: 45/45 MP: 3/3
  1609 | Sewer    | Reached ** piety under Trog
  1632 | Sewer    | Reached skill level 5 in Unarmed Combat
  1632 | Sewer    | Reached XP level 5. HP: 49/53 MP: 4/4
  1759 | Sewer    | HP: 1/79 [kobold brigand/+1 short sword of protection (4)]
  1760 | Sewer    | Slain by a kobold brigand

Illustrated notes

Levels and vault maps discovered:
D:1:      dpeg_arrival_chambers_temple_mockup, layout_loops_ring,
          chequers_ecumenical_altar_simple
D:2:      layout_basic, kennysheep_generic_room_14
D:3:      layout_loops_cross, nicolae_tso_besieged_by_evil, portal_sewer_entry_b
Sewer:    sewer_co_15_rooms

Skill      XL: |  1  2  3  4 |
---------------+-------------+-----
Unarmed Combat | 4 5 |  5.5
Fighting       | 3 |  3.4
Dodging        | |  2.5
Stealth        | |  0.3

Action                     |  1- 3 |  4- 6 || total
---------------------------+-------+-------++-------
  Melee: Unarmed           |    52 |    40 ||    92
         Punch             |     1 |     1 ||     2
 Invoke: Berserk           |       |     1 ||     1
 Armour: Animal skin       |    38 |    33 ||    71
  Dodge: Dodged            |    36 |    19 ||    55
